 Dungeon Crawl Stone Soup version 0.32-a0-791-gfc315c9ecd (webtiles) character file.

Game seed: 13549982736051118216

1453 zenocrate the Martial Artist (level 8, 0/46 HPs)
             Began as an Octopode Earth Elementalist on Mar 20, 2024.
             Was a Follower of Ashenzari.
             Slain by a steam dragon (4 damage)
             ... on level 7 of the Dungeon.
             The game lasted 00:05:55 (5770 turns).

zenocrate the Martial Artist (OpEE)                 Turns: 5770, Time: 00:05:55

Health: 0/46       AC:  5    Str:  8    XL:     8   Next: 75%
Magic:  0/15       EV: 12    Int: 17    God:    Ashenzari [*.....]
Gold:   315        SH:  0    Dex: 14    Spells: 10/17 levels left

rFire   . .          .
                       - Unarmed
rCold   + . .        (no shield)
rNeg    . . .        (helmet restricted)
rPois   .            p - amulet of Panopticon {Spirit, Elem, Comp} (curse)
rElec   .            d - ring "Per Aspera Ad Scientiam" {rC+, Elem, Fort} (curse)
rCorr   .            h - ring of willpower
SInv    .            q - +4 ring of protection
Will    +....        (no ring)
Stlth   ++++         (no ring)
HPRegen 0.27/turn    (no ring)
MPRegen 0.14/turn    (no ring)
                     (no ring)

%: guardian spirit
@: hasted, very quick
A: almost no armour, amphibious, 8 rings, camouflage 1, gelatinous body 1,
(nimble swimmer 1), tentacles
a: Renounce Religion, Shatter the Chains


You were on level 7 of the Dungeon.
You worshipped Ashenzari.
Ashenzari was aware of your devotion.
You visited 2 branches of the dungeon, and saw 8 of its levels.

You collected 315 gold pieces.

Inventory:

Armour
 s - a +0 buckler
Magical Staves
 b - a staff of cold
Jewellery
 d - the cursed ring "Per Aspera Ad Scientiam" (left tentacle) {rC+, Elem, Fort}
   (You found it on level 1 of the Dungeon)

   [ring of protection from cold]

   rC+:       It protects you from cold.
   It has a curse which improves the following skills: Elements: Fire Magic, Ice
   Magic, Air Magic and Earth Magic.
   Fortitude: Shields.
 h - a ring of willpower (right tentacle)
 p - the cursed amulet of Panopticon (around mantle) {Spirit, Elem, Comp}
   (You found it on level 5 of the Dungeon)

   [amulet of guardian spirit]

   Spirit:    It causes incoming damage to be divided between your reserves of
   health and magic.
   It has a curse which improves the following skills: Elements: Fire Magic, Ice
   Magic, Air Magic and Earth Magic.
   Companions: Summonings and Necromancy.
 q - a +4 ring of protection (on tentacle)
 z - an amulet of reflection
Wands
 e - a wand of flame (40)
 u - a wand of polymorph (8)
 y - a wand of charming (6)
Scrolls
 f - 2 scrolls of fear
 i - 2 scrolls of amnesia
 j - a scroll of enchant armour
 k - 2 scrolls of vulnerability
 l - 2 scrolls of teleportation
 m - a scroll of blinking
 n - 2 scrolls of enchant weapon
 v - a scroll of immolation
 w - 2 scrolls of revelation
Potions
 a - a potion of magic
 c - 2 potions of cancellation
 g - 4 potions of enlightenment
 o - a potion of might
 r - 2 potions of invisibility
 x - a potion of attraction


   Skills:
 - Level 2.0 Dodging
 - Level 5.0 Stealth
 + Level 8.6 Unarmed Combat
 + Level 5.1 Spellcasting
 - Level 1.0 Conjurations
 - Level 3.0(4.0) Earth Magic


You had 10 spell levels left.
You knew the following spells:

 Your Spells              Type           Power      Damage    Failure   Level
a - Sandblast             Erth           36%        2d10      2%          1
b - Stone Arrow           Conj/Erth      26%        3d8       16%         3
c - Ozocubu's Armour      Ice            4%         N/A       36%         3

Your spell library contained the following spells:

 Spells                   Type           Power      Damage    Failure   Level
 Passwall                 Erth           18%        N/A       8%          3
 Shock                    Conj/Air       24%        1d4       11%         1
 Ensorcelled Hibernation  Hex/Ice        8%         N/A       21%         2
 Swiftness                Air            4%         N/A       36%         3
 Fugue of the Fallen      Necr           4%         N/A       38%         3
 Brom's Barrelling Bould  Conj/Erth      13%        2d4       45%         4
 Leda's Liquefaction      Alch/Erth      5%         N/A       52%         4
 Petrify                  Alch/Erth      11%        N/A       52%         4
 Lee's Rapid Deconstruct  Erth           9%         3d7*      58%         5
 Airstrike                Air            2%         2d(1-17)  78%         4
 Manifold Assault         Tloc           4%         N/A       80%         4
 Permafrost Eruption      Ice/Erth       5%         2x4d3     100%        6


Dungeon Overview and Level Annotations

Branches:
Dungeon (7/15)             Temple (1/1) D:6

Altars:
Ashenzari
Cheibriados
Elyvilon
Fedhas
Gozag
Hepliaklqana
Nemelex Xobeh
Okawaru
Qazlal
Trog
Vehumet
Wu Jian
Yredelemnul
Zin

Shops:
D:1 =(   D:6 *

Annotations:
D:5 1 runed translucent door, YayAnonymity's ghost, novice MfSh
D:6 2 transporters


Innate Abilities, Weirdness & Mutations

You cannot wear most types of armour.
You are amphibious.
You can wear up to eight rings at the same time.
Your skin changes colour to match your surroundings (Stealth+).
Your rubbery body absorbs attacks. (AC +1, EV +1)
((You are camouflaged when in or above water. (Stealth+)))
You have tentacles for arms and can constrict up to eight enemies at once.


Message History

You tentacle-slap the steam dragon but do no damage.
Your tentacle-slap misses the steam dragon.
Your squeeze misses the steam dragon.
The steam dragon is moderately wounded.
You are engulfed in a cloud of scalding steam.
The steam dragon bites you but does no damage.
The steam dragon claws you but does no damage.
Unknown command.
Okay, then.
Okay, then.
You tentacle-slap the steam dragon.
The steam dragon is moderately wounded.
You are engulfed in a cloud of scalding steam.
Unknown command.
Unknown command.
Casting: Sandblast (safe; 2% risk of failure)
Confirm with . or Enter, or press ? or * to list all spells.
Aiming: Stone Arrow (dangerous; 16% risk of failure)
Press: ? - help, Shift-Dir - straight line, f/p - steam dragon
Aim: a steam dragon (moderately wounded, catching its breath, 68% to hit)
You are engulfed in a cloud of scalding steam.
The steam dragon bites you. The steam dragon misses you.
Unknown command.
You closely miss the steam dragon. You squeeze the steam dragon.
The steam dragon is heavily wounded.
The steam dragon closely misses you.
The steam dragon claws you but does no damage.
Unknown command.
You feel yourself speed up. The steam dragon bites you!
* * * LOW HITPOINT WARNING * * *
The steam dragon closely misses you.
Unknown command.
Unknown command.
You barely miss the steam dragon.
You squeeze the steam dragon, but do no damage.
The steam dragon is heavily wounded.
The steam dragon bites you!
* * * LOW HITPOINT WARNING * * *
The steam dragon claws you.
You die...

.#.................P.#
.#..............##.P....
.#...............#.P....
.#.................P....
.#>....................
#..........))....#...#
..............§..#._.#
.#.............§D....##.
.####..........§@.......
>..###.####........P.##.
.#.# #.# #........P.#
.#.###.####........P....
...................P....
.....<......).........##
.....[...............##
...............##..#.#
<.............##


You could see a steam dragon.

Vanquished Creatures
  A troll (D:6)
  Sigmund (D:2)
  Duvessa (D:4)
  A sky beast (D:7)
  2 bullfrogs
  3 scorpions
  Dowan (D:4)
  An orc priest (D:5)
  A hound (D:4)
  A jelly (D:4)
  A sleepcap (D:6)
  An iguana (D:6)
  4 orc wizards
  Ijyb (D:5)
  Terence (D:2)
  Robin (D:2)
  12 adders
  A shadow imp (D:6)
  2 ufetubi (D:5)
  A dart slug (D:2)
  A ribbon worm (D:2)
  14 orcs
  3 ball pythons
  2 endoplasms
  2 giant cockroaches
  13 goblins
  5 hobgoblins
  5 quokkas
  2 bats (D:2)
  5 frilled lizards
  6 kobolds
  7 rats
103 creatures vanquished.

Vanquished Creatures (others)
  A bullfrog (D:7)
1 creature vanquished.

Grand Total: 104 creatures vanquished

Notes
Turn   | Place    | Note
-------+----------+-------------------------------------------
     0 | D:1      | zenocrate the Octopode Earth Elementalist began the quest
                  | for the Orb.
     0 | D:1      | Reached XP level 1. HP: 11/11 MP: 3/3
   220 | D:1      | Reached skill level 1 in Unarmed Combat
   339 | D:1      | Reached XP level 2. HP: 17/17 MP: 5/5
   726 | D:1      | Found Ezxiotso's Weapon Boutique.
   817 | D:1      | Found Nutonk's One-of-a-Kind Rings.
   920 | D:1      | Reached skill level 2 in Unarmed Combat
  1062 | D:2      | Reached XP level 3. HP: 14/21 MP: 2/6
  1253 | D:2      | Noticed Terence
  1256 | D:2      | Killed Terence
  1257 | D:2      | Reached skill level 3 in Unarmed Combat
  1283 | D:2      | Reached XP level 4. HP: 27/27 MP: 5/7
  1287 | D:2      | Learned a level 3 spell: Stone Arrow
  1402 | D:2      | Noticed Sigmund
  1546 | D:2      | Killed Sigmund
  1547 | D:2      | Reached skill level 5 in Unarmed Combat
  1547 | D:2      | Reached XP level 5. HP: 19/31 MP: 8/8
  1547 | D:2      | Reached XP level 6. HP: 23/36 MP: 9/9
  1658 | D:2      | Noticed Robin
  1677 | D:2      | Killed Robin
  2194 | D:2      | Reached skill level 6 in Unarmed Combat
  2794 | D:3      | Found a broken altar of Ashenzari.
  3034 | D:3      | Became a worshipper of Ashenzari the Shackled
  3278 | D:4      | Noticed Dowan
  3292 | D:4      | Noticed Duvessa
  3298 | D:4      | Killed Dowan
  3338 | D:4      | Killed Duvessa
  3339 | D:4      | Reached XP level 7. HP: 21/41 MP: 0/10
  3621 | D:4      | Reached skill level 5 in Stealth
  3905 | D:5      | Entered Level 5 of the Dungeon
  3972 | D:5      | Learned a level 3 spell: Ozocubu's Armour
  4019 | D:5      | Noticed Ijyb
  4025 | D:5      | Killed Ijyb
  4212 | D:5      | Found a runed translucent door.
  4213 | D:5      | Noticed YayAnonymity's ghost (novice MfSh)
  4372 | D:5      | Reached skill level 7 in Unarmed Combat
  4832 | D:6      | Reached XP level 8. HP: 27/46 MP: 9/13
  4998 | D:6      | Found a staircase to the Ecumenical Temple.
  5001 | D:6      | Noticed a troll
  5021 | D:6      | Killed a troll
  5025 | D:6      | Reached skill level 8 in Unarmed Combat
  5150 | Temple   | Entered the Ecumenical Temple
  5256 | D:6      | Found Eiaff's Eclectic Emporium.
  5348 | D:6      | Found a transporter.
  5433 | D:6      | Found a transporter.
  5663 | D:7      | Reached * piety under Ashenzari
  5706 | D:7      | Reached skill level 5 in Spellcasting
  5760 | D:7      | Found a sparkling altar of Nemelex Xobeh.
  5770 | D:7      | Slain by a steam dragon

Illustrated notes

Levels and vault maps discovered:
D:1:      dpeg_arrival_rhombi, layout_loops_corners, serial_shops,
          nicolae_shop_bloodbath_and_beyond, nicolae_shop_unique_rings,
          minmay_pentomino_p2
D:2:      layout_loops_ring, serial_co_window_serial, co_window_paths_a,
          co_window_of_opportunity_a, co_window_corner_a, co_window_paths_a,
          co_window_paths_b, co_window_2corner, co_window_broadway_a,
          co_window_corner_cb, co_window_paths_d, co_window_sun, uniq_robin,
          uniq_sigmund, uniq_terence
D:3:      layout_basic, mainiacjoe_overflow_brackets
D:4:      layout_basic, uniq_duvessa
D:5:      layout_gridville, gammafunk_ghost_grave, uniq_ijyb
D:6:      gammafunk_cloud_chamber, layout_rooms, minmay_temple_entry_waves,
          nicolae_alphabet_shops
D:7:      layout_rooms, mainiacjoe_overflow_boulevard,
          mainiacjoe_overflow_catch_the_wave
Temple:   hellmonk_temple_two_chambers

Skill      XL: |  1  2  3  4  5  6  7  8 |
---------------+-------------------------+-----
Unarmed Combat | 1 2 3 5 6 7 8 |  8.6
Stealth        | 4 5 |  5.0
Spellcasting   | 3 5 |  5.1
Dodging        | |  2.0
Conjurations   | |  1.0
Earth Magic    | |  3.0

Action                     |  1- 3 |  4- 6 |  7- 9 || total
---------------------------+-------+-------+-------++-------
  Melee: Unarmed           |    41 |    71 |   103 ||   215
         Constrict         |    15 |    19 |    27 ||    61
         Tentacles         |     8 |    15 |    31 ||    54
         Punch             |       |     1 |     9 ||    10
   Cast: Sandblast         |     7 |     7 |    19 ||    33
         Stone Arrow       |       |     2 |     1 ||     3
 Invoke: Curse Item        |       |       |     2 ||     2
    Use: Scroll            |       |     3 |     5 ||     8
         Potion            |       |       |     2 ||     2
   Stab: Sleeping          |     6 |    11 |     7 ||    24
         Distracted        |       |     1 |       ||     1
 Armour: Skin              |    14 |    25 |    60 ||    99
  Dodge: Dodged            |    22 |    29 |    48 ||    99

Table legend: (Time is in decaauts)
 A = Elapsed time spent in this place.
 B = Non-inter-level travel time spent in this place.
 C = Inter-level travel time spent in this place.
 D = Time resting spent in this place.
 E = Time spent auto-exploring this place.
 F = Levels seen in this place.
 G = Mean time per level.
                   A        B        C        D        E       F      G
               +--------+--------+--------+--------+--------+-----+--------+
         Total |   5760 |   5562 |    198 |    106 |   4679 |   8 |  720.0 |
       Dungeon |   5758 |   5560 |    198 |    106 |   4679 |   7 |  822.6 |
        Temple |      1 |      1 |      0 |      0 |      0 |   1 |    1.0 |
               +--------+--------+--------+--------+--------+-----+--------+

Top non-repeatable levels by time:
     D:2: 1261 daAuts
     D:1: 1074 daAuts
     D:5: 862 daAuts
     D:4: 847 daAuts
     D:6: 829 daAuts
     D:3: 718 daAuts
     D:7: 165 daAuts
  Temple: 1 daAuts
